 Dungeon Crawl Stone Soup version 0.19.5 (webtiles) character file.

8 Gargoyl the Skirmisher (level 2, -3/26 HPs)
             Began as a Ghoul Abyssal Knight on Mar 8, 2017.
             Was a Follower of Lugonu.
             Slain by a leopard gecko (4 damage)
             ... on level 1 of the Dungeon.
             The game lasted 00:01:36 (423 turns).

Gargoyl the Skirmisher (Ghoul Abyssal Knight)        Turns: 423, Time: 00:01:37

Health: -3/26      AC:  7    Str: 15      XL:     2   Next: 8%
Magic:  2/2        EV: 10    Int:  7      God:    Lugonu [*.....]
Gold:   22         SH:  0    Dex:  7 (8)  Spells: 0 memorised, 1 level left

rFire  . . .     SeeInvis .     (no weapon)
rCold  + . .     Gourm    .     h - +0 ring mail
rNeg   + + +     Faith    .     (no shield)
rPois  ∞         Spirit   .     (no helmet)
rElec  .         Reflect  .     (no cloak)
rCorr  .         Harm     .     e - +0 pair of gloves
MR     .....                    d - +0 pair of boots
Stlth  ..........               (no amulet)
                                (no ring)
                                (no ring)

@: rotting
A: rotting body, claws 1, carnivore 3, cold resistance 1, negative energy
resistance 3, slow regeneration 1, torment resistance, unbreathing
a: Depart the Abyss, Renounce Religion


You were on level 1 of the Dungeon.
You worshipped Lugonu.
Lugonu was aware of your devotion.
You were not hungry.

You visited 1 branch of the dungeon, and saw 1 of its levels.
You visited the Abyss 1 time.

You collected 22 gold pieces.

Inventory:

Hand Weapons
 a - a +1 hand axe
Armour
 d - a +0 pair of boots (worn)
 e - a +0 pair of gloves (worn)
 h - a +0 ring mail (worn)
Scrolls
 b - a scroll of remove curse {unknown}
 f - a scroll of blinking {unknown}
 j - a scroll of identify {unknown}
Potions
 g - a potion of curing {unknown}
 i - a potion of degeneration {unknown}
Comestibles
 c - a meat ration


   Skills:
 + Level 3.5 Fighting
 + Level 1.8 Axes
 + Level 1.8 Armour
 + Level 1.0 Dodging
 + Level 0.2 Unarmed Combat
 * Level 2.2 Invocations


You had one spell level left.
You didn't know any spells.

Dungeon Overview and Level Annotations

Branches:
Dungeon (1/15)

Altars:


Innate Abilities, Weirdness & Mutations

Your body is rotting away.
You thrive on raw meat.
You are immune to poison.
You have sharp fingernails.
You are carnivorous and can eat meat at any time.
Your flesh is cold resistant. (rC+)
You are immune to negative energy. (rN+++)
You regenerate slowly when monsters are visible.
You are immune to unholy pain and torment.
You can survive without breathing.


Message History

You hit the leopard gecko but do no damage.
The leopard gecko bites you.
* * * LOW HITPOINT WARNING * * *
You hit the leopard gecko.
The leopard gecko is lightly wounded.
The leopard gecko bites you.
* * * LOW HITPOINT WARNING * * *
You barely miss the leopard gecko.
The leopard gecko is lightly wounded.
The leopard gecko bites you.
* * * LOW HITPOINT WARNING * * *
You hit the leopard gecko.
The leopard gecko is heavily wounded.
The leopard gecko bites you.
* * * LOW HITPOINT WARNING * * *
The leopard gecko bites you but does no damage.
You hit the leopard gecko.
The leopard gecko is almost dead.
The leopard gecko bites you.
You die...

# . ######## .######
##......# #.....#
........###.####.....#
##.............>.....#
##......########@l...#
#...#####........#####
#.### #........# #.#
#........# #.#
#........# #.###
##........#
....####.........#
.................#
.....##..........#


You could see a leopard gecko.

Vanquished Creatures
  A dart slug (D:1)
  2 bats (D:1)
  A goblin (D:1)
  A kobold (D:1)
  2 rats (D:1)
7 creatures vanquished.

Notes
Turn   | Place    | Note
-------+----------+-------------------------------------------
     0 | Abyss:1  | Gargoyl the Ghoul Abyssal Knight began the quest for the Orb.
     0 | Abyss:1  | Reached XP level 1. HP: 19/19 MP: 1/1
    43 | Abyss:1  | Noticed a quasit
    47 | Abyss:1  | Found a viscous altar of Jiyva.
    53 | D:1      | Escaped the Abyss
    85 | D:1      | Reached skill level 1 in Dodging
   111 | D:1      | Reached * piety under Lugonu
   229 | D:1      | Reached XP level 2. HP: 26/26 MP: 2/2
   422 | D:1      | HP: 1/26 [leopard gecko (1)]
   423 | D:1      | Slain by a leopard gecko

Skill      XL: |  1 |
---------------+----+-----
Dodging        | 1 |  1.0
Fighting       | |  3.5
Axes           | |  1.8
Armour         | |  1.8
Unarmed Combat | |  0.2
Invocations    | |  2.2

Action                   || total
-------------------------++-------
Melee: Unarmed           ||    56
Invok: Depart the Abyss  ||     1
  Eat: Chunk             ||     2
Armor: Leather armour    ||    16
       Ring mail         ||    18
Dodge: Dodged            ||    39
